 Dungeon Crawl Stone Soup version 0.19.0-22-gd96e5fe (webtiles) character file.

850 kilppis the Cudgeler (level 8, -3/48 HPs)
             Began as a Gargoyle Berserker on Nov 18, 2016.
             Was a Priest of Trog.
             Killed by divine providence
             ... invoked by an orc priest
              (16 damage)
             ... on level 4 of the Dungeon.
             The game lasted 00:12:03 (3272 turns).

kilppis the Cudgeler (Gargoyle Berserker)           Turns: 3272, Time: 00:12:04

Health: -3/48      AC: 15    Str: 24    XL:     8   Next: 1%
Magic:  8/8        EV: 11    Int:  7    God:    Trog [***...]
Gold:   149        SH:  0    Dex:  9    Spells: 0 memorised, 7 levels left

rFire  . . .     SeeInvis .     r - +0 scythe
rCold  + . .     Gourm    .     i - +2 scale mail {rC+}
rNeg   + . .     Faith    .     (shield currently unavailable)
rPois  ∞         Spirit   .     p - +0 helmet
rElec  +         Reflect  .     (no cloak)
rCorr  .         Harm     .     (no gloves)
MR     .....                    (no boots)
Stlth  ..........               (no amulet)
                                (no ring)
                                (no ring)

@: exhausted, slowed, very slow
A: negative energy resistance 1, electricity resistance, unbreathing,
petrification resistance, rot immunity, AC +5
a: Berserk, Trog's Hand, Burn Spellbooks, Renounce Religion


You were on level 4 of the Dungeon.
You worshipped Trog.
Trog was most pleased with you.
You were hungry.

You visited 1 branch of the dungeon, and saw 4 of its levels.

You collected 149 gold pieces.

Inventory:

Hand Weapons
 a - a +0 mace
 r - a +0 scythe (weapon)
Armour
 b - a +0 animal skin
 f - a +0 large shield
 i - a +2 scale mail of cold resistance (worn)
 p - a +0 helmet (worn)
Scrolls
 d - 2 scrolls of amnesia {unknown}
 e - 2 scrolls of teleportation {unknown}
 g - 2 scrolls of fog {unknown}
 h - 4 scrolls of remove curse {unknown}
 k - 6 scrolls of identify {unknown}
 l - a scroll of random uselessness {unknown}
 n - 4 scrolls of magic mapping {unknown}
 w - a scroll of enchant armour {unknown}
Potions
 j - a potion of agility {unknown}
 m - 3 potions of degeneration {unknown}
 o - 2 potions of curing {unknown}
 q - a potion of brilliance {unknown}
 s - 3 potions of heal wounds {unknown}
 t - a potion of haste {unknown}
 u - a potion of mutation {unknown}
Comestibles
 c - 2 meat rations
 v - a royal jelly
 x - 3 bread rations


   Skills:
 + Level 4.5 Fighting
 - Level 4.9 Maces & Flails
 * Level 4.8 Polearms
 + Level 3.6 Armour
 + Level 2.7 Dodging
 - Level 2.3 Shields


You had 7 spell levels left.
You didn't know any spells.

Dungeon Overview and Level Annotations

Branches:
Dungeon (4/15)
 Temple: D:4-7

Altars:
Sif Muna
Zin


Innate Abilities, Weirdness & Mutations

You are resistant to torment.
Your stone body is resilient. (AC +5)
You are immune to poison.
You resist negative energy. (rN+)
You are resistant to electric shocks. (rElec)
You can survive without breathing.
You are immune to petrification.
You are immune to rotting.


Message History

The orc wizard barely misses you.
The orc wizard hits you but does no damage.
The orc wizard casts a spell.
The orc wizard blinks!
The orc priest begins to cast a cantrip, but forgets the words!
The orc wizard mumbles some strange words.
The orc closely misses you.
The orc wizard gestures at you while chanting.
The puff of frost hits you! You resist.
The orc priest mumbles some strange prayers to Beogh against you.
Beogh smites you!
The orc wizard points at you and mumbles some strange words.
The puff of flame hits you!
* * * LOW HITPOINT WARNING * * *
The orc wizard completely misses you.
The orc wizard hits you but does no damage.
The orc wizard misses you.
The orc priest invokes the aid of Beogh against you.
Beogh smites you!
You die...

# #......#.............#+#####..
####.............................
.).)..............<#.....#.......
................).[......#.....†.
.##.#..####.......#..............
....#.## #.....o.o..............
.####.# #....Ooo#..............
.. #.# ##.....###............. ##
#.# ##...@# ##..##...##... ..#
####.# ####8...8#... #.#
##...##... #.# #...##... #.#
#...##... #.# 8.o.8#... #.#
##...##### #.# #...# .....


You could see an ogre, an orc priest, an orc wizard and 2 orcs.

Vanquished Creatures
  A hippogriff (D:3)
  Sigmund (D:2)
  A phantom (D:3)
  A water moccasin skeleton (D:3)
  A centaur skeleton (D:4)
  2 orc priests
  4 orc wizards
  Terence (D:3)
  6 adders
  An ooze (D:3)
  3 worms
  A dart slug (D:2)
  15 orcs
  A giant cockroach (D:1)
  8 goblins
  11 hobgoblins
  6 jackals
  A quokka (D:2)
  A ball python (D:3)
  7 bats
  5 frilled lizards
  12 kobolds
  3 rats
93 creatures vanquished.

Notes
Turn   | Place    | Note
-------+----------+-------------------------------------------
     0 | D:1      | kilppis the Gargoyle Berserker began the quest for the Orb.
     0 | D:1      | Reached XP level 1. HP: 14/14 MP: 1/1
   127 | D:1      | Reached XP level 2. HP: 15/19 MP: 2/2
   573 | D:2      | Reached XP level 3. HP: 23/24 MP: 3/3
   794 | D:2      | Reached ** piety under Trog
   862 | D:2      | Reached XP level 4. HP: 28/29 MP: 4/4
   870 | D:2      | Reached skill level 1 in Shields
   902 | D:2      | Noticed Sigmund
   947 | D:2      | Killed Sigmund
   947 | D:2      | Reached XP level 5. HP: 7/33 MP: 5/5
   947 | D:2      | Reached XP level 6. HP: 9/38 MP: 6/6
  1415 | D:3      | Found a glowing silver altar of Zin.
  1446 | D:3      | Noticed Terence
  1460 | D:3      | Killed Terence
  1460 | D:3      | Reached skill level 1 in Polearms
  2008 | D:3      | Noticed a phantom
  2048 | D:3      | Killed a phantom
  2048 | D:3      | Reached XP level 7. HP: 41/43 MP: 7/7
  2071 | D:3      | Noticed a hippogriff
  2138 | D:3      | Killed a hippogriff
  2157 | D:3      | HP: 2/43 [orc wizard/magic dart (4)]
  3059 | D:4      | Reached *** piety under Trog
  3121 | D:4      | Found a deep blue altar of Sif Muna.
  3252 | D:4      | Reached XP level 8. HP: 48/48 MP: 8/8
  3272 | D:4      | Killed from afar by an orc priest

Skill      XL: |  1  2  3  4  5  6  7 |
---------------+----------------------+-----
Maces & Flails | 4 |  4.9
Dodging        | 2 |  2.7
Shields        | 2 |  2.3
Polearms       | 2 4 |  4.8
Armour         | 3 |  3.6
Fighting       | 4 |  4.5

Action                   |  1- 3 |  4- 6 |  7- 9 || total
-------------------------+-------+-------+-------++-------
Melee: Mace              |   100 |    35 |       ||   135
       Scythe            |       |   168 |   104 ||   272
Invok: Berserk           |       |     4 |     4 ||     8
       Trog's Hand       |       |       |     2 ||     2
  Eat: Chunk             |       |     2 |     1 ||     3
       Meat ration       |       |     1 |       ||     1
       Bread ration      |       |       |     2 ||     2
Armor: Animal skin       |    10 |       |       ||    10
       Scale mail        |    42 |   159 |   123 ||   324
Dodge: Dodged            |    29 |   143 |    96 ||   268
Block: Large shield      |    49 |    19 |       ||    68
